 Dungeon Crawl Stone Soup version 0.26.0-91-g99b343417d (webtiles) character file.

Game seed: 11529863524206855500

3222 Gadfly the Covert (level 9, -1/52 HPs)
             Began as a Vampire Enchanter on Feb 4, 2021.
             Was an Initiate of Gozag.
             Killed from afar by an electric eel (13 damage)
             ... with a bolt of electricity
             ... on level 8 of the Dungeon.
             The game lasted 00:18:26 (9500 turns).

Gadfly the Covert (Vampire Enchanter)               Turns: 9500, Time: 00:18:26

Health: -1/52      AC:  9    Str: 18    XL:     9   Next: 66%
Magic:  26/26      EV: 21    Int: 17    God:    Gozag
Gold:   220        SH:  0    Dex: 18    Spells: 11/19 levels left

rFire    . . .     SeeInvis +   a - +2 dagger (venom)
rCold    + + .     Faith    .   (no shield)
rNeg     + + +     Spirit   .   b - +0 robe
rPois    ∞         Reflect  .   h - +0 helmet
rElec    .         Harm     +   y - +2 cloak of the Several Friars {-Tele Harm MP+9 Str+5}
rCorr    .         Rampage  .   (no gloves)
Will     .....     NoTele   +   n - +2 pair of boots
Stlth    ++++++....             D - amulet of regeneration
HPRegen  0.00/turn              x - +6 ring of strength
MPRegen  0.20/turn              d - +4 ring of evasion

@: bloodless
A: fangs 3, see invisible, unbreathing
a: Bat Form, Revivify, Renounce Religion, Potion Petition, Call Merchant, Bribe
Branch


You were on level 8 of the Dungeon.
You worshipped Gozag.
Gozag was aware of your devotion.
You visited 2 branches of the dungeon, and saw 9 of its levels.

You collected 510 gold pieces.
You spent 180 gold pieces at shops.
You paid 110 gold pieces to Gozag.

Inventory:

Hand Weapons
 a - a +2 dagger of venom (weapon)
 c - a +2 dagger
 j - a +3 hand axe of freezing
 o - a +0 dagger of speed
Missiles
 v - 6 atropa-tipped darts
Armour
 b - a +0 robe (worn)
 g - a +0 buckler
 h - a +0 helmet (worn)
 n - a +2 pair of boots (worn)
 y - the +2 cloak of the Several Friars (worn) {-Tele Harm MP+9 Str+5}
   (You bought it in a shop on level 6 of the Dungeon)

   It affects your strength (+5).
   It affects your magic capacity (+9).
   It prevents most forms of teleportation.
   It increases damage dealt and taken.
Jewellery
 d - a +4 ring of evasion (right hand)
 p - an uncursed ring of willpower
 s - an uncursed ring of resist corrosion
 x - a +6 ring of strength (left hand)
 C - an uncursed ring of magical power
 D - an amulet of regeneration (around neck)
Wands
 q - a wand of polymorph (6)
 r - a wand of acid (9)
Scrolls
 f - a scroll of fog
 i - 2 scrolls of remove curse
 k - 3 scrolls of amnesia
 l - a scroll of identify
 t - a scroll of blinking
 E - a scroll of fear
Potions
 e - 2 potions of invisibility
 m - 3 potions of curing
 u - 2 potions of resistance
 w - 2 potions of heal wounds
 z - a potion of haste
 A - a potion of cancellation
 B - a potion of brilliance


   Skills:
 + Level 3.6 Fighting
 + Level 4.8 Short Blades
 * Level 7.0 Dodging
 + Level 8.3 Stealth
 * Level 5.8 Spellcasting
 + Level 7.6 Hexes
 * Level 5.3 Evocations


You had 11 spell levels left.
You knew the following spells:

 Your Spells              Type           Power        Failure   Level
a - Confusing Touch       Hex            30%          1%          3
b - Ensorcelled Hibernat  Hex/Ice        34%          4%          2
c - Dazzling Flash        Conj/Hex       34%          9%          3

Your spell library contained the following spells:

 Spells                   Type           Power        Failure   Level
 Corona                   Hex            33%          1%          1
 Tukima's Dance           Hex            30%          1%          3
 Irradiate                Conj/Tmut      2%           98%         5
 Hydra Form               Tmut           2%           100%        6
 Statue Form              Tmut/Erth      2%           100%        6
 Dragon Form              Tmut           2%           100%        7


Dungeon Overview and Level Annotations

Branches:
Dungeon (8/15)             Temple (1/1) D:6
   Lair: D:8-11

Altars:
Ashenzari
Dithmenos
Elyvilon
Gozag
Hepliaklqana
Kikubaaqudgha
Nemelex Xobeh
Okawaru
Qazlal
Ru
Sif Muna
Trog
Uskayaw
Vehumet
Wu Jian
Zin
The Shining One
Lugonu

Shops:
D:6 [


Innate Abilities, Weirdness & Mutations

You do not regenerate when monsters are visible.
You are frail without blood (-20% HP).
You can heal yourself when you bite living creatures.
You are immune to poison.
You have razor-sharp teeth.
You have supernaturally acute eyesight. (SInv)
You can survive without breathing.


Message History

2 electric eels come into view.
Found a sacrificial altar of Ru.
There are monsters nearby!
The electric eel shoots out a bolt of lightning at you!
The bolt of electricity hits you!
The electric eel shoots out a bolt of lightning at you!
The bolt of electricity hits you! The bolt of electricity misses you.
The bolt of electricity hits the electric eel.
The electric eel completely resists.
The electric eel shoots out a bolt of lightning at you!
The bolt of electricity hits you!
* * * LOW HITPOINT WARNING * * *
The bolt of electricity hits you.
* * * LOW HITPOINT WARNING * * *
The bolt of electricity misses the electric eel.
The electric eel shoots out a bolt of lightning at you!
The bolt of electricity hits the electric eel.
The electric eel completely resists.
The bolt of electricity hits you!
You die...
Your body crumbles into a pile of gold.

.............+...#
.............#...###
##'##........#.....
#...#........#....##
#...#........#.....## ##
#...#........#.>..#.#..
#...#........#...#.#.# #
#...#........#..#...#..#
....#........#.#@....#
....#........#.#.≈≈≈.#
....#..........#;...≈#
....#..........#≈._.≈#
....#........#.#≈...≈#
....#........#.#.;≈≈.#
....#........#.#.....#
##+##........##.#...#.
#............... #.#...


You could see 2 electric eels.

Vanquished Creatures
  Pikel (D:5)
  Sigmund (D:5)
  A wyvern (D:8)
  Edmund (D:5)
  A water moccasin (D:7)
  Duvessa (D:5)
  An orc warrior (D:7)
  A phantom (D:4)
  An ogre (D:4)
  2 centaurs
  4 bullfrogs
  4 scorpions
  Dowan (D:5)
  7 wights
  A howler monkey (D:4)
  A crimson imp (D:7)
  A centaur zombie (D:7)
  A bullfrog zombie (D:5)
  3 orc priests
  2 hounds
  A bullfrog skeleton (D:7)
  An orc wizard (D:7)
  An iguana (D:4)
  A gnoll shaman (D:3)
  Ijyb (D:4)
  5 worker ants
  Natasha (D:2)
  A killer bee zombie (D:5)
  8 adders
  7 gnolls
  A shadow imp (D:7)
  2 white imps
  4 ufetubi
  An ooze (D:3)
  An adder zombie (D:5)
  2 worms
  2 dart slugs (D:3)
  5 leopard geckos
  18 orcs
  5 bats
  6 giant cockroaches
  10 hobgoblins
  7 jackals
  7 kobolds
  8 quokkas
  2 ball pythons
  5 frilled lizards
  9 goblins
  A jackal skeleton (D:6)
  A quokka zombie (D:8)
  4 rats
164 creatures vanquished.

Vanquished Creatures (others)
  13 plants (D:4)
13 creatures vanquished.

Grand Total: 177 creatures vanquished

Notes
Turn   | Place    | Note
-------+----------+-------------------------------------------
     0 | D:1      | Gadfly the Vampire Enchanter began the quest for the Orb.
     0 | D:1      | Reached XP level 1. HP: 13/13 MP: 3/3
   342 | D:1      | Reached XP level 2. HP: 15/15 MP: 5/5
   443 | D:1      | Learned a level 2 spell: Ensorcelled Hibernation
   972 | D:2      | Reached skill level 5 in Stealth
   989 | D:2      | Reached XP level 3. HP: 20/20 MP: 1/6
   993 | D:2      | Learned a level 3 spell: Confusing Touch
  1211 | D:2      | Noticed Natasha
  1261 | D:2      | Killed Natasha
  1262 | D:2      | Reached skill level 1 in Evocations
  1778 | D:2      | Found a glowing golden altar of the Shining One.
  1782 | D:2      | Found a hide-covered altar of Uskayaw.
  1782 | D:2      | Found a stormy altar of Qazlal.
  1783 | D:2      | Found a white marble altar of Elyvilon.
  1783 | D:2      | Found a sparkling altar of Nemelex Xobeh.
  1875 | D:2      | Reached XP level 4. HP: 24/24 MP: 7/7
  2225 | D:3      | You fall into a shaft and drop 3 floors!
  2226 | D:6      | Noticed a bullfrog
  2232 | D:6      | Killed a bullfrog
  2233 | D:6      | Reached skill level 1 in Fighting
  2233 | D:6      | Reached skill level 5 in Hexes
  2233 | D:6      | Reached XP level 5. HP: 16/29 MP: 5/9
  2237 | D:6      | Learned a level 3 spell: Dazzling Flash
  2397 | D:6      | Found a staircase to the Ecumenical Temple.
  2427 | Temple   | Entered the Ecumenical Temple
  2629 | D:6      | Reached XP level 6. HP: 34/34 MP: 5/10
  2973 | D:6      | Reached skill level 6 in Stealth
  3378 | D:6      | Reached XP level 7. HP: 25/39 MP: 8/12
  3531 | D:6      | Found Jekega Buim's Antique Armour Emporium.
  3539 | D:6      | HP: 1/39 [wight/+4 trident (3)]
  3540 | D:5      | Entered Level 5 of the Dungeon
  3540 | D:5      | Noticed Sigmund
  3839 | D:5      | Noticed Edmund
  3847 | D:5      | Killed Sigmund
  3878 | D:5      | Killed Edmund
  4191 | D:5      | Noticed Dowan
  4197 | D:5      | Noticed Duvessa
  4200 | D:5      | Killed Dowan
  4222 | D:5      | Killed Duvessa
  4377 | D:5      | Reached XP level 8. HP: 44/44 MP: 14/14
  4384 | D:4      | Noticed Ijyb
  4389 | D:4      | Killed Ijyb
  4454 | D:3      | You fall into a shaft and drop 1 floor!
  4782 | D:4      | Reached skill level 5 in Dodging
  5085 | D:3      | Reached skill level 7 in Stealth
  6721 | D:5      | Noticed Pikel
  6745 | D:5      | Killed Pikel
  6746 | D:5      | Reached skill level 5 in Spellcasting
  6746 | D:5      | Reached XP level 9. HP: 50/50 MP: 8/16
  7150 | D:6      | Bought a distressingly furry cloak for 180 gold pieces
  7155 | D:6      | Identified the +2 cloak of the Several Friars {-Tele Harm
                  | MP+9 Str+5} (You bought it in a shop on level 6 of the
                  | Dungeon)
  8018 | D:7      | Reached skill level 8 in Stealth
  8528 | D:7      | Reached skill level 5 in Evocations
  8681 | D:7      | Found an ancient bone altar of Kikubaaqudgha.
  8682 | D:7      | Found an opulent altar of Gozag.
  8730 | D:7      | Became a worshipper of Gozag Ym Sagoz the Greedy
  9031 | D:8      | Found an iron altar of Okawaru.
  9233 | D:8      | Found a hazy altar of Hepliaklqana.
  9497 | D:8      | Found a sacrificial altar of Ru.
  9500 | D:8      | Killed from afar by an electric eel

Illustrated notes

Levels and vault maps discovered:
D:1:      lemuel_arrival_hallway, layout_loops_ring, serial_rivers,
          chequers_serial_rivers_small_b, chequers_serial_rivers_micro_c,
          chequers_serial_rivers_room_b, chequers_serial_rivers_room_a,
          minmay_statues_item, corexii_leaking_fountain, minmay_door_square
D:2:      layout_loops_ring, grunt_temple_overflow_open, uniq_natasha
D:3:      layout_loops_corners
D:4:      layout_basic, amcnicky_mini_corridor_feature, serial_bayou_lagoon_b,
          uniq_ijyb
D:5:      layout_cave_pods, chequers_serial_rivers_small_a, uniq_pikel,
          uniq_duvessa, uniq_edmund, uniq_sigmund
D:6:      layout_layer_cave, minmay_temple_entry_statues_pillars, serial_shops,
          shop, grunt_ministairs_7
D:7:      layout_gridville, gammafunk_temple_overflow_statue,
          minmay_fire_ice_demons
D:8:      layout_gridville, kennysheep_little_box, nicolae_ru_awakened_eye,
          nicolae_overflow_hidden_temple, okawaru_altar_gauntlet_db, uniq_grum
Temple:   corrupted_temple

Skill      XL: |  1  2  3  4  5  6  7  8  9 |
---------------+----------------------------+-----
Stealth        | 5 6 7 8 |  8.3
Evocations     | 1 2 3 4 5 |  5.3
Short Blades   | 2 3 4 |  4.8
Fighting       | 1 2 3 |  3.6
Dodging        | 3 4 6 7 |  7.0
Hexes          | 5 6 7 |  7.6
Spellcasting   | 3 4 5 |  5.8

Action                   |  1- 3 |  4- 6 |  7- 9 || total
-------------------------+-------+-------+-------++-------
Melee: Dagger            |    43 |    75 |   279 ||   397
       Bite              |     1 |     2 |    31 ||    34
 Cast: Corona            |     1 |       |       ||     1
       Ensorcelled Hiber |     4 |    11 |    43 ||    58
       Confusing Touch   |       |     1 |     8 ||     9
       Dazzling Flash    |       |       |     3 ||     3
 Abil: Exsanguinate      |     1 |       |       ||     1
Evoke: Wand              |       |       |     1 ||     1
  Use: Scroll            |     8 |     2 |     8 ||    18
 Stab: Sleeping          |    22 |    17 |    45 ||    84
       Distracted        |       |     1 |     2 ||     3
       Confused          |       |     2 |     6 ||     8
       Invisible         |       |       |     1 ||     1
Armor: Robe              |     1 |     6 |    32 ||    39
Dodge: Dodged            |    22 |    72 |   249 ||   343
